 Dungeon Crawl Stone Soup version 0.29.1-14-g9c671dbff4 (webtiles) character file.

Game seed: 8979058803025431595

834 sweetbreads the Geomancer (level 7, -1/36 HPs)
             Began as a Gargoyle Earth Elementalist on Feb 15, 2023.
             Slain by an ogre
             ... wielding a +0 giant spiked club
              (24 damage)
             ... on level 4 of the Dungeon.
             The game lasted 00:17:24 (5059 turns).

sweetbreads the Geomancer (GrEE)                    Turns: 5059, Time: 00:17:25

Health: -1/36      AC:  8    Str: 12    XL:     7   Next: 98%
Magic:  8/10       EV: 12    Int: 17    God:
Gold:   110        SH:  0    Dex: 10    Spells: 1/10 levels left

rFire   + . .      SeeInvis +   a - +2 short sword (venom)
rCold   + . .      Faith    .   (no shield)
rNeg    + . .      Spirit   .   h - +0 robe
rPois   ∞          Reflect  .   F - +1 helmet
rElec   +          Harm     .   u - scarf {rC+ rF+}
rCorr   .          Rampage  .   (no gloves)
Will    +....                   (no boots)
Stlth   ++........              (no amulet)
HPRegen 0.12/turn               j - ring of see invisible
MPRegen 0.12/turn               p - ring of willpower

@: no status effects
A: sickness immunity, AC +4, negative energy resistance 1, electricity
resistance, torment resistance 1, petrification resistance
a: no special abilities


You were on level 4 of the Dungeon.
You visited 2 branches of the dungeon, and saw 6 of its levels.

You collected 110 gold pieces.

Inventory:

Hand Weapons
 a - a +2 short sword of venom (weapon)
 b - a +2 flail of protection
 A - a +1 flail of protection
 B - a +1 short sword of venom
 D - a +2 halberd of freezing
 E - a +0 spear of venom
 H - the +3 battleaxe of Ruination {protect, rN+++ Str-5 Stlth+}
   (You found it on level 5 of the Dungeon)

   It grants its wielder temporary protection when it strikes (+7 to AC).
   Str:       It affects your strength (-5).
   rN:        It renders you almost immune to negative energy.
   Stlth:     It makes you more stealthy.
Missiles
 i - 5 poisoned darts (quivered)
 v - 4 throwing nets
Armour
 h - a +0 robe (worn)
 u - a scarf of resistance (worn)
 F - a +1 helmet (worn)
Jewellery
 j - a ring of see invisible (left hand)
 p - a ring of willpower (right hand)
 z - a ring of magical power
Wands
 y - a wand of paralysis (7)
Scrolls
 d - a scroll of butterflies {unknown}
 e - a scroll of identify {unknown}
 g - a scroll of noise {unknown}
 k - a scroll of summoning {unknown}
 l - a scroll of blinking {unknown}
 n - a scroll of enchant armour {unknown}
 t - 3 scrolls of amnesia {unknown}
 C - a scroll of vulnerability {unknown}
 G - a scroll of teleportation {unknown}
Potions
 c - 2 potions of ambrosia {unknown}
 f - a potion of lignification {unknown}
 m - 2 potions of resistance {unknown}
 o - 2 potions of might {unknown}
 q - a potion of mutation {unknown}
 r - a potion of degeneration {unknown}
 s - a potion of haste {unknown}
 w - a potion of magic
 x - a potion of attraction {unknown}


   Skills:
 * Level 3.3 Dodging
 - Level 4.0 Stealth
 - Level 2.0 Spellcasting
 * Level 1.5 Transmutations
 + Level 9.1 Earth Magic
 * Level 1.2 Poison Magic


You had one spell level left.
You knew the following spells:

 Your Spells              Type           Power      Damage    Failure   Level
a - Sandblast             Erth           64%        2d14      1%          1
b - Stone Arrow           Conj/Erth      34%        3d9       9%          3
c - Petrify               Tmut/Erth      19%        N/A       22%         4
d - Sting                 Tmut/Pois      24%        1d4       11%         1

Your spell library contained the following spells:

 Spells                   Type           Power      Damage    Failure   Level
 Slow                     Hex            4%         N/A       19%         1
 Passwall                 Tmut/Erth      15%        N/A       3%          2
 Poisonous Vapours        Pois/Air       6%         N/A       22%         2
 Confusing Touch          Hex            1%         N/A       50%         3
 Vampiric Draining        Necr           1%         2d6       50%         3
 Olgreb's Toxic Radiance  Pois           6%         N/A       75%         4


Dungeon Overview and Level Annotations

Branches:
Dungeon (5/15)             Temple (1/1) D:4

Altars:
Ashenzari
Cheibriados
Dithmenos
Elyvilon
Fedhas
Gozag
Hepliaklqana
Kikubaaqudgha
Makhleb
Nemelex Xobeh
Okawaru
Qazlal
Ru
Sif Muna
Trog
Uskayaw
Xom
Yredelemnul

Shops:
D:5 !=

Annotations:
D:5 Dowan, Duvessa


Innate Abilities, Weirdness & Mutations

You are immune to sickness and miasma.
Your stone body is resilient. (AC +4)
You are immune to poison.
You resist negative energy. (rN+)
You are resistant to electric shocks. (rElec)
You are resistant to unholy torment.
You are immune to petrification.


Message History

You see here the +3 battleaxe of Ruination {protect, rN+++ Str-5 Stlth+}.
H - the +3 battleaxe of Ruination {protect, rN+++ Str-5 Stlth+}
Found a stone staircase leading up.
Found Furif's Distillery.
Things that are here:
a +0 whip; a gnoll corpse You see here a +0 flail.
You see here an iguana skeleton.
You open the door.
There is an open door here.
As you open the door, it creaks loudly!
There is an open door here.
Found 8 gold pieces.
You now have 110 gold pieces (gained 8).
There is a stone staircase leading down here.
Duvessa shouts!
There is a stone staircase leading up here.
Casting: Sandblast (safe; 1% risk of failure)
Confirm with . or Enter, or press ? or * to list all spells.
Aiming: Sandblast (safe; 1% risk of failure)
Press: ? - help, Shift-Dir - straight line, f - Duvessa
Aim: Duvessa, wielding a +0 short sword and wearing a +0 leather armour (86% to hit)
The blast of sand hits Duvessa!
Duvessa is moderately wounded.
Duvessa closely misses you.
You climb upwards.
The ogre hits you with a +0 giant spiked club.
There is a stone staircase leading down here.
The ogre attacks as you move away!
The ogre hits you with a +0 giant spiked club!
Casting: Sandblast (safe; 1% risk of failure)
Confirm with . or Enter, or press ? or * to list all spells.
Aiming: Sandblast (safe; 1% risk of failure)
Press: ? - help, Shift-Dir - straight line, f - ogre
Aim: an ogre, wielding a +0 giant spiked club (92% to hit)
The blast of sand hits the ogre!!
The ogre is heavily wounded.
The ogre hits you with a +0 giant spiked club!!
Ouch! That really hurt!
You die...

###### ##. #.............##
#..### ##............#
####....## ##)..........###
#........## #..........###.
(..((.....## ##.........# #.
...........# #........####.
..........>## ##.......# #..
...........O## ##......# #..
............@# ##....## #..
.............## #....# #..
..............## ##....####..
...............###...........
...............>............
.....[.......##.....###....
.............##..######...
............###......##..
...###+###+###'###......


You could see an ogre.

Vanquished Creatures
  A black bear (D:4)
  An ogre (D:4)
  A phantom (D:4)
  Blork the orc (D:4)
  A hound (D:4)
  3 orc priests
  3 iguanas
  An orc wizard (D:4)
  7 adders
  10 gnolls
  A shadow imp (D:5)
  2 ufetubi
  4 worms
  A dart slug (D:2)
  14 orcs
  9 endoplasms
  4 giant cockroaches
  6 goblins
  7 hobgoblins
  5 jackals
  8 kobolds
  4 quokkas
  9 ball pythons
  4 bats
  3 frilled lizards
  5 rats
115 creatures vanquished.

Vanquished Creatures (others)
  6 plants (D:4)
6 creatures vanquished.

Grand Total: 121 creatures vanquished

Notes
Turn   | Place    | Note
-------+----------+-------------------------------------------
     0 | D:1      | sweetbreads the Gargoyle Earth Elementalist began the quest
                  | for the Orb.
     0 | D:1      | Reached XP level 1. HP: 10/10 MP: 3/3
   320 | D:2      | Reached XP level 2. HP: 15/15 MP: 3/5
   323 | D:2      | Reached skill level 4 in Earth Magic
   799 | D:1      | Reached XP level 3. HP: 19/19 MP: 2/6
  1086 | D:1      | Found a faded altar of an unknown god.
  1295 | D:2      | Found an iron altar of Okawaru.
  1426 | D:2      | Reached skill level 5 in Earth Magic
  1426 | D:2      | Reached XP level 4. HP: 24/24 MP: 1/7
  1430 | D:2      | Learned a level 3 spell: Stone Arrow
  2262 | D:3      | Reached XP level 5. HP: 27/28 MP: 4/8
  2397 | D:3      | Reached skill level 6 in Earth Magic
  2955 | D:3      | Reached skill level 1 in Transmutations
  3179 | D:4      | Noticed a phantom
  3184 | D:4      | Reached XP level 6. HP: 32/32 MP: 5/9
  3236 | D:4      | Reached skill level 7 in Earth Magic
  3264 | D:3      | Learned a level 4 spell: Petrify
  3266 | D:3      | Learned a level 1 spell: Sting
  3562 | D:4      | Found a white marble altar of Elyvilon.
  3671 | D:4      | Found a staircase to the Ecumenical Temple.
  3684 | Temple   | Entered the Ecumenical Temple
  4006 | D:4      | Reached XP level 7. HP: 36/36 MP: 7/10
  4113 | D:4      | Reached skill level 8 in Earth Magic
  4196 | D:4      | Noticed Blork the orc
  4202 | D:4      | Killed Blork the orc
  4402 | D:5      | Entered Level 5 of the Dungeon
  4588 | D:5      | Noticed Duvessa
  4589 | D:5      | Noticed Dowan
  4600 | D:5      | Found Saubbair's Jewellery Emporium.
  4679 | D:5      | Reached skill level 1 in Poison Magic
  4842 | D:5      | Reached skill level 9 in Earth Magic
  4917 | D:5      | Identified the +3 battleaxe of Ruination {protect, rN+++
                  | Str-5 Stlth+}
  4932 | D:5      | Found Furif's Distillery.
  5059 | D:4      | Slain by an ogre

Illustrated notes

Levels and vault maps discovered:
D:1:      amcnicky_arrival_blooded_trapdoor, layout_basic,
          chequers_ecumenical_altar_grove, minmay_close_crescents
D:2:      layout_basic, basic_altar
D:3:      layout_basic
D:4:      layout_cave_pods, mainiacjoe_overflow_24_doors,
          minmay_temple_entry_statues_pillars, serial_bayou_ford_a,
          uniq_blork_the_orc
D:5:      layout_rooms, serial_shops, shop, nicolae_shop_hallway_stairs, shop,
          nicolae_shop_advertising_works [nicolae_subvault_shop_adworks],
          minmay_misc_feat_doors, uniq_duvessa
Temple:   minmay_temple_bridge_d

Skill      XL: |  1  2  3  4  5  6  7 |
---------------+----------------------+-----
Earth Magic    | 4 5 6 7 9 |  9.1
Dodging        | 2 3 |  3.3
Stealth        | 3 4 |  4.0
Transmutations | 1 |  1.5
Poison Magic   | 1 |  1.2
Spellcasting   | |  2.0

Action                   |  1- 3 |  4- 6 |  7- 9 || total
-------------------------+-------+-------+-------++-------
Melee: Unarmed           |     4 |       |       ||     4
       Punch             |     1 |       |       ||     1
Throw: Dart              |       |       |    10 ||    10
 Cast: Sandblast         |    59 |    91 |    39 ||   189
Armor: Robe              |     7 |    16 |     4 ||    27
Dodge: Dodged            |    17 |    25 |    11 ||    53
